Map: Eternal Empire LE

Players

soO - Winner!

  • Race: Zerg Zerg
  • Spawn Location: 7:00

PtitDrogo

  • Race: Protoss Protoss
  • League: Master
  • Spawn Location: 1:00

Event: Shopify TSL 5

VOD

Have the link to the VOD?

Description

Time

  • Played on: May 16, 2020, 8:06 a.m.
  • Length: 11:16

All games in this series

Show
View Real Time Build Order
Export as new Build Order

soO Zerg - Winner!

Build Orders: Hatch First, Muta Ling Bane 

Get SALT Encoding   

  12  0:01  Drone  
  13  0:12  Overlord  
  13  0:17  Drone  
  14  0:30  Drone  
  14  0:31  Drone  
  16  0:48  Hatchery  
  15  0:51  Drone  
  15  0:56  Drone  
  17  0:59  Drone  
  18  1:10  Extractor  
  17  1:13  Spawning Pool  
  17  1:17  Drone  
  17  1:20  Drone  
  18  1:29  Drone  
  19  1:38  Drone  
  20  1:49  Drone  
  21  2:00  Queen x2, Drone  
  26  2:01  Zergling x2  
  27  2:10  Overlord  
  27  2:11  Drone  
  27  2:13  Metabolic Boost  
  28  2:30  Drone x2  
  30  2:37  Drone, Hatchery  
  30  2:43  Queen  
  32  2:48  Overlord  
  32  2:51  Drone  
  32  2:55  Zergling x4  
  32  2:58  Zergling x2  
  36  3:09  Zergling x2  
  36  3:10  Drone x2  
  36  3:11  Drone  
  40  3:13  Drone  
  40  3:14  Overlord  
  40  3:16  Drone  
  42  3:21  Queen  
  44  3:33  Drone x3  
  44  3:34  Drone x2  
  49  3:43  Drone  
  49  3:44  Drone  
  51  3:49  Drone  
  51  3:53  Spore Crawler  
  51  3:55  Zergling x10  
  55  3:57  Overlord  
  55  4:00  Drone  
  53  4:11  Overlord  
  53  4:12  Overlord  
  53  4:16  Drone x2  
  53  4:17  Drone, Spore Crawler  
  53  4:19  Spore Crawler  
  53  4:20  Queen  
  53  4:21  Drone  
  53  4:23  Drone x2  
  58  4:27  Overlord  
  58  4:32  Zergling x8  
  58  4:35  Drone x2  
  63  4:46  Drone x3  
  63  4:48  Drone  
  63  4:51  Spore Crawler  
  63  4:54  Drone x2  
  63  5:01  Zergling x6  
  63  5:03  Drone x5, Lair  
  63  5:04  Drone  
  63  5:05  Drone  
  73  5:07  Drone  
  73  5:13  Drone  
  75  5:16  Drone x2, Roach Warren  
  75  5:18  Extractor x2  
  74  5:27  Drone x2  
  74  5:28  Drone  
  76  5:30  Extractor  
  76  5:31  Extractor  
  74  5:37  Spore Crawler  
  74  5:38  Drone x6  
  80  5:44  Drone  
  80  5:46  Extractor, Hatchery  
  80  5:47  Evolution Chamber  
  78  5:51  Zergling x10  
  78  6:01  Drone x2  
  78  6:02  Drone  
  78  6:03  Glial Reconstitution  
  80  6:04  Spire  
  80  6:05  Drone  
  80  6:07  Overseer  
  80  6:14  Zerg Missile Weapons Level 1  
  80  6:17  Drone  
  81  6:19  Overlord, Hatchery  
  81  6:20  Overlord  
  81  6:24  Overlord x2  
  80  6:32  Roach  
  80  6:36  Zergling x6  
  82  6:43  Drone x2  
  84  6:48  Baneling Nest  
  84  6:52  Roach x4  
  84  6:53  Roach x2  
  95  6:54  Roach x4  
  95  6:55  Roach x3  
  95  6:59  Overseer  
  109  7:02  Roach x3  
  109  7:07  Roach x2  
  119  7:08  Overlord  
  119  7:11  Overlord x2  
  119  7:13  Ravager  
  119  7:14  Overlord  
  120  7:16  Overlord  
  120  7:17  Overlord  
  120  7:21  Overlord  
  120  7:25  Overlord  
  120  7:26  Overlord  
  119  7:33  Roach x9  
  119  7:35  Roach  
  130  7:38  Roach x2  
  130  7:43  Roach x3  
  136  7:45  Roach x2  
  136  7:47  Roach  
  136  7:48  Roach  
  136  7:50  Roach  
  141  7:52  Roach  
  141  7:55  Roach x2  
  141  7:57  Roach  
  135  8:08  Mutalisk x6  
  135  8:11  Mutalisk  
  145  8:37  Mutalisk x3  
  145  8:38  Mutalisk  
  145  8:39  Queen, Drone x3  
  145  8:40  Drone x2  
  132  8:48  Roach x7  
  126  8:52  Queen  
  126  8:58  Roach x5  
  136  9:13  Ravager x2  
  136  9:14  Zerg Melee Weapons Level 1  
  136  9:16  Roach x2  
  142  9:17  Drone  
  142  9:18  Drone  
  142  9:21  Queen x2, Unknown  
  145  9:28  Zergling x24  
  157  9:35  Drone  
  157  9:37  Centrifical Hooks  
  158  9:44  Overlord  
  156  9:47  Overseer  
  156  9:49  Drone x4  
  160  10:02  Hatchery  
  157  10:14  Zergling x20  
  157  10:15  Zergling x12  
  173  10:25  Queen  
  167  10:38  Zergling x32  
  183  10:44  Baneling x15  
  183  10:45  Baneling x6  
  183  10:46  Baneling x5  
  183  10:47  Ravager x3  
  183  10:48  Ravager x8  
  194  10:55  Zergling x6  
  194  10:56  Baneling  
  194  10:57  Baneling x6  
Show
View Real Time Build Order
Export as new Build Order

PtitDrogo Protoss 

Build Orders: 1 Gate Expand, Oracle Opening, Zealot Archon 

Get SALT Encoding   

  12  0:00  Probe  
  13  0:13  Probe  
  14  0:21  Pylon  
  14  0:25  Probe  
  15  0:39  Probe (Chrono Boost)  
  15  0:41  Gateway  
  16  0:48  Probe (Chrono Boost)  
  16  0:49  Assimilator  
  17  0:53  Probe (Chrono Boost)  
  18  1:05  Probe  
  19  1:17  Probe  
  20  1:25  Nexus  
  20  1:36  Cybernetics Core  
  20  1:38  Probe  
  21  1:44  Assimilator  
  21  1:50  Probe  
  22  1:54  Pylon  
  22  2:03  Probe  
  23  2:10  Adept (Chrono Boost)  
  25  2:16  Probe  
  25  2:18  Stargate  
  26  2:27  Warp Gate  
  26  2:29  Probe (Chrono Boost)  
  27  2:31  Adept (Chrono Boost)  
  29  2:37  Probe (Chrono Boost)  
  31  2:46  Probe (Chrono Boost)  
  31  2:47  Probe (Chrono Boost)  
  32  2:52  Probe x2 (Chrono Boost)  
  34  2:58  Stalker  
  34  3:03  Probe  
  34  3:04  Probe, Oracle (Chrono Boost)  
  41  3:14  Pylon  
  41  3:16  Probe  
  41  3:19  Probe  
  43  3:24  Gateway  
  43  3:28  Probe  
  43  3:32  Oracle (Chrono Boost)  
  44  3:36  Probe  
  44  3:40  Probe  
  49  3:46  Pylon  
  49  3:48  Probe  
  49  3:52  Probe  
  51  4:00  Probe  
  51  4:05  Probe  
  52  4:13  Probe  
  53  4:17  Probe  
  53  4:18  Oracle (Chrono Boost)  
  57  4:25  Probe, Pylon  
  57  4:27  Nexus  
  57  4:29  Probe  
  59  4:37  Probe  
  60  4:41  Probe  
  60  4:43  Assimilator x2  
  60  4:45  Twilight Council  
  61  4:46  Forge  
  61  4:49  Probe  
  62  4:57  Pylon  
  62  5:03  Robotics Facility  
  62  5:07  Pylon  
  60  5:09  Gateway  
  60  5:11  Adept, Charge, Gateway  
  60  5:13  Gateway x2  
  60  5:14  Protoss Ground Weapons Level 1 (Chrono Boost)  
  60  5:18  Gateway  
  60  5:20  Pylon  
  60  5:29  Adept  
  62  5:39  Probe  
  63  5:45  Nexus, Pylon  
  63  5:46  Templar Archives  
  63  5:58  Probe  
  63  6:00  Pylon  
  63  6:02  Warp Prism (Chrono Boost)  
  64  6:05  Probe, Gateway  
  64  6:06  Gateway  
  64  6:10  Probe  
  68  6:17  Zealot x3  
  68  6:18  Zealot  
  76  6:22  Pylon  
  76  6:37  High Templar  
  76  6:38  High Templar x3  
  84  6:42  Archon  
  84  6:43  Archon  
  84  6:45  Observer  
  84  6:46  Probe  
  87  6:54  Probe  
  87  6:55  Zealot x2  
  87  6:56  Pylon  
  87  6:57  Probe, Photon Cannon  
  87  6:58  Probe  
  87  7:01  Zealot x3  
  95  7:07  Probe  
  100  7:09  Probe  
  100  7:11  Probe  
  100  7:15  Zealot x2  
  106  7:16  High Templar x2  
  106  7:17  Zealot  
  106  7:19  Probe  
  106  7:20  Archon  
  106  7:21  Probe, Zealot x2  
  118  7:23  Probe  
  118  7:24  Pylon  
  118  7:29  Zealot x2  
  115  7:43  Zealot  
  115  7:44  Zealot x4  
  102  7:53  Probe  
  87  7:59  Immortal (Chrono Boost)  
  87  8:07  Probe  
  87  8:08  Probe, High Templar x2, Zealot x4  
  87  8:09  Zealot x3  
  103  8:18  Shield Battery  
  103  8:19  Archon  
  103  8:20  Photon Cannon  
  103  8:26  Probe x2  
  105  8:30  Zealot x5  
  109  8:38  Zealot x2  
  107  8:42  Immortal  
  107  8:44  Protoss Ground Weapons Level 2 (Chrono Boost)  
  107  8:47  Probe x2  
  103  8:57  Sentry, High Templar, Assimilator  
  103  8:58  Assimilator, High Templar, Zealot  
  111  9:03  Archon  
  111  9:07  Stalker x3  
  112  9:14  Phoenix (Chrono Boost)  
  113  9:22  Stalker  
  112  9:27  Probe x2  
  106  9:33  Phoenix (Chrono Boost)  
  108  9:39  Stalker  
  108  9:45  Probe x2  
  110  9:51  Photon Cannon  
  112  10:02  Phoenix (Chrono Boost)  
  112  10:06  Stalker x4  
  116  10:08  Stalker  
  116  10:10  Probe x2  
  114  10:14  Probe  
  115  10:22  Probe x2  
  115  10:23  Phoenix (Chrono Boost)  
  113  10:36  Shield Battery  
  113  10:39  Stargate  
  113  10:40  Phoenix (Chrono Boost)  
  113  10:42  Zealot x4  
  120  10:50  High Templar x2  
  120  10:53  Pylon  
  120  10:54  Archon  
  120  10:55  Pylon  
  108  11:11  Stalker x3  
  93  11:12  Zealot x3  
Tags
 
Add a new tag
Caveats
  • Supply blocks, unpowered buildings, or Contaminate may cause inaccurate times.
  • Supply counts are checked every 10 seconds.